 Dungeon Crawl Stone Soup version 0.19-a0-1225-gf887c1c (webtiles) character file.

31 Duffy the Cudgeler (level 3, -8/32 HPs)
             Began as a Naga Skald on Aug 25, 2016.
             Mangled by Sigmund
             ... wielding a +0 scythe
              (11 damage)
             ... on level 2 of the Dungeon.
             The game lasted 00:02:11 (1210 turns).

Duffy the Cudgeler (Naga Skald)                     Turns: 1210, Time: 00:02:12

Health: -8/32      AC:  7    Str: 15    XL:     3   Next: 22%
Magic:  6/6        EV:  2    Int: 12    God:
Gold:   50         SH:  0    Dex: 10    Spells: 1 memorised, 5 levels left

rFire  . . .     SeeInvis +     b - +1 dagger (venom)
rCold  . . .     Gourm    .     g - +0 plate armour
rNeg   . . .     Faith    .     (no shield)
rPois  +         Spirit   .     (no helmet)
rElec  .         Dismiss  .     e - +0 cloak
rCorr  .         Reflect  .     (no gloves)
MR     .....     Harm     .     (no barding)
Stlth  ..........               (no amulet)
                                (no ring)
                                (no ring)

@: flying, very slightly contaminated, invisible, very slow
A: see invisible, deformed body, poison resistance, slowness 2, slow metabolism
1, spit poison 2, AC +1
a: Spit Poison


You were on level 2 of the Dungeon.
You were very hungry.

You visited 1 branch of the dungeon, and saw 2 of its levels.

You collected 50 gold pieces.

Inventory:

Hand Weapons
 a - a +0 mace
 b - a +1 dagger of venom (weapon)
Armour
 e - a +0 cloak (worn)
 g - a +0 plate armour (worn)
Scrolls
 h - a scroll of enchant weapon {unknown}
 j - 2 scrolls of amnesia {unknown}
 k - 2 scrolls of remove curse {unknown}
 l - a scroll of blinking {unknown}
 n - 2 scrolls of enchant armour {unknown}
Books
 c - a book of Battle

   Spells                             Type                      Level
   a - Infusion                       Charms                       1
   b - Shroud of Golubria             Charms/Translocation         2
   c - Song of Slaying                Charms                       2
   d - Spectral Weapon                Hexes/Charms                 3
   e - Regeneration                   Charms/Necromancy            3
Comestibles
 d - 2 bread rations
 m - a meat ration


   Skills:
 - Level 2.0 Fighting
 - Level 3.2 Maces & Flails
 + Level 1.2 Armour
 - Level 0.7 Dodging
 - Level 2.0 Spellcasting
 - Level 3.0 Charms


You had 5 spell levels left.
You knew the following spells:

 Your Spells              Type           Power        Failure   Level  Hunger
a - Infusion              Chrm           #...         100%        1    ##.....


Dungeon Overview and Level Annotations

Branches:
Dungeon (2/15)

Altars:
Makhleb

Annotations:
D:2 Sigmund


Innate Abilities, Weirdness & Mutations

You cannot wear boots.
Your serpentine skin is tough. (AC +1)
You have supernaturally acute eyesight. (SInv)
Armour fits poorly on your strangely shaped body.
Your system is resistant to poisons. (rPois)
You cover ground very slowly.
You have a slow metabolism.
You can spit poison.


Message History

Sigmund hits you with a scythe!
You hit Sigmund.
Sigmund looks even sicker.
Sigmund is moderately wounded.
Sigmund completely misses you.
You hit Sigmund.
Sigmund looks as sick as possible!
Sigmund is moderately wounded.
You have got your breath back.
It was a potion of invisibility.
You fade into invisibility!
Sigmund hits you but does no damage.
You are very lightly contaminated with residual magic.
You hit Sigmund.
Sigmund looks as sick as possible!
Sigmund is heavily wounded.
Sigmund hits you with a scythe!
It was a potion of flight.
You feel very buoyant.
You fly up into the air.
It was a potion of cure mutation.
It has a very clean taste.
Sigmund hits you with a scythe!
You die...

########################
........................
######@################
#@.....# #......# ##
#......# #. #+###### #.
#. #. #. #.


You could see Sigmund.

Vanquished Creatures
  A worm (D:2)
  A giant gecko (D:1)
  2 bats (D:1)
  A giant cockroach (D:1)
  3 goblins (D:1)
  6 hobgoblins (D:1)
  A giant newt (D:1)
  6 kobolds
  5 rats
26 creatures vanquished.

Notes
Turn   | Place    | Note
-------+----------+-------------------------------------------
     0 | D:1      | Duffy the Naga Skald began the quest for the Orb.
     0 | D:1      | Reached XP level 1. HP: 19/19 MP: 3/3
   297 | D:1      | Reached XP level 2. HP: 22/26 MP: 5/5
   692 | D:1      | Reached skill level 1 in Armour
   841 | D:1      | Reached XP level 3. HP: 26/32 MP: 6/6
  1127 | D:2      | Found a burning altar of Makhleb.
  1201 | D:2      | Noticed Sigmund
  1210 | D:2      | Mangled by Sigmund

Vault maps used:
D:1:      lemuel_arrival_behind_the_door_small, minmay_unequal
D:2:      old_standard_altar, uniq_terence, uniq_sigmund

Skill      XL: |  1  2 |
---------------+-------+-----
Maces & Flails | 3 |  3.2
Armour         | 1 |  1.2
Fighting       | |  2.0
Dodging        | |  0.7
Spellcasting   | |  2.0
Charms         | |  3.0

Action                   || total
-------------------------++-------
Melee: Mace              ||    35
       Dagger            ||    29
 Abil: Spit Poison       ||    18
  Use: Potion            ||     3
Armor: Leather armour    ||     2
       Plate armour      ||    35
Dodge: Dodged            ||    10
